 Dungeon Crawl Stone Soup version 0.18-a0-1577-gf591c28 (webtiles) character file.

50 gullinbursti the Sneak (level 4, -1/29 HPs)
             Began as a Halfling Assassin on Mar 22, 2016.
             Was an Initiate of Elyvilon.
             Killed from afar by an orc wizard (7 damage)
             ... with a puff of flame
             ... on level 3 of the Dungeon.
             The game lasted 00:13:28 (2023 turns).

gullinbursti the Sneak (Halfling Assassin)          Turns: 2023, Time: 00:13:28

Health: -1/29      AC:  4    Str: 11    XL:     4   Next: 4%
Magic:  4/4        EV: 13    Int: 10    God:    Elyvilon [......]
Gold:   117        SH:  0    Dex: 16    Spells: 0 memorised, 3 levels left

rFire  . . .     SeeInvis .     w - +2 dagger (elec)
rCold  . . .     Gourm    .     A - +0 leather armour
rNeg   . . .     Faith    .     (shield restricted)
rPois  .         Spirit   .     (no helmet)
rElec  .         Dismiss  .     d - +0 cloak
rCorr  .         Reflect  .     (no gloves)
SustAt .         Harm     .     (no boots)
MR     .....                    (no amulet)
Stlth  +++.......               (no ring)
                                (no ring)

@: not resistant to hostile enchantments, fairly stealthy
A: mutation resistance 1
a: Renounce Religion


You were on level 3 of the Dungeon.
You worshipped Elyvilon.
Elyvilon was noncommittal.
You were not hungry.

You visited 1 branch of the dungeon, and saw 3 of its levels.

You collected 117 gold pieces.

Inventory:

Hand Weapons
 a - a +2 dagger
 b - a +0 blowgun
 j - a +0 short sword
 l - a +0 club
 n - a +0 hunting sling
 o - a +0 club
 p - a +0 dagger
 u - a +0 club
 w - a +2 dagger of electrocution (weapon)
 y - a +0 dagger
 z - a +0 dagger
 B - a +0 dagger
 F - a +0 hand axe
 G - a +0 mace
Missiles
 e - 8 poisoned needles
 f - 2 curare-tipped needles
 i - 7 tomahawks (quivered)
 m - 7 arrows
 q - 15 bolts
 x - 15 stones
Armour
 c - a +0 robe
 d - a +0 cloak (worn)
 k - a +0 robe
 v - a +0 robe
 A - a +0 leather armour (worn)
 D - a +0 ring mail
 H - a +0 chain mail
 I - a +0 leather armour
Scrolls
 t - 2 scrolls of identify
 J - 2 scrolls of remove curse
Potions
 h - a potion of resistance {unknown}
 r - a potion of brilliance {unknown}
 s - 3 potions of flight {unknown}
 C - a potion of degeneration {unknown}
 E - a potion of curing {unknown}
Comestibles
 g - 2 bread rations


   Skills:
 + Level 2.1 Fighting
 + Level 3.1 Short Blades
 + Level 2.3 Throwing
 + Level 0.2 Armour
 + Level 1.2 Dodging
 + Level 5.4 Stealth


You had 3 spell levels left.
You didn't know any spells.

Dungeon Overview and Level Annotations

Branches:
Dungeon (3/15)

Altars:
Elyvilon
Kikubaaqudgha


Innate Abilities, Weirdness & Mutations

You are small and have problems with some larger weapons.
You are somewhat resistant to further mutation.


Message History

* * * LOW HITPOINT WARNING * * *
You closely miss the orc wizard.
The orc wizard hits you but does no damage.
You hit the orc wizard but do no damage.
The orc wizard hits you with a dagger.
* * * LOW HITPOINT WARNING * * *
You hit the orc wizard.
There is a sudden explosion of sparks!
The orc wizard is almost dead.
The orc wizard barely misses you.
You hit the orc wizard.
The orc wizard is almost dead.
The orc wizard hits you with a dagger.
* * * LOW HITPOINT WARNING * * *
You closely miss the orc wizard.
The orc wizard is almost dead.
You hit the orc wizard but do no damage.
The orc wizard is almost dead.
The orc wizard casts a spell at you. The puff of flame hits you!
You die...

###.. ## #o ##...#
. .. ....# .## .
#..# ..# #.
#..#####.# #.###
#......#.# ...#
##.###.#.## #.###
#.# #....# #.o.##
#@# ###.>#
###..###o#####..###
##.o..o##.......##
########.####...#
#.# #...#### #.#
#......### #.#
##.##......
#.###...###...<
#.#≈≈...≈≈##..)


You could see an orc wizard and an orc.

Vanquished Creatures
  An ooze (D:1)
  A worm (D:2)
  2 giant geckos
  3 orcs (D:3)
  5 bats (D:2)
  A giant cockroach (D:1)
  3 goblins
  2 hobgoblins (D:1)
  9 jackals (D:2)
  4 kobolds
  A ball python (D:1)
  2 rats
34 creatures vanquished.

Notes
Turn   | Place    | Note
--------------------------------------------------------------
     0 | D:1      | gullinbursti the Halfling Assassin began the quest for the Orb.
     0 | D:1      | Reached XP level 1. HP: 14/14 MP: 1/1
   401 | D:1      | Reached XP level 2. HP: 14/19 MP: 2/2
  1045 | D:2      | Reached skill level 5 in Stealth
  1229 | D:2      | Reached XP level 3. HP: 18/24 MP: 3/3
  1376 | D:2      | Found an ancient bone altar of Kikubaaqudgha.
  1926 | D:3      | Found a white marble altar of Elyvilon.
  1941 | D:3      | Reached XP level 4. HP: 9/29 MP: 4/4
  1965 | D:3      | Became a worshipper of Elyvilon the Healer
  2023 | D:3      | Killed from afar by an orc wizard

Vault maps used:
D:1:      roderic_octagonal_star
D:2:      kiku_gazebo_pond_becter
D:3:      lemuel_crystal_altar, elyvilon_altar_4

Skill      XL: |  1  2  3 |
---------------+----------+-----
Fighting       | 2 |  2.1
Stealth        | 5 |  5.4
Short Blades   | 3 |  3.1
Throwing       | |  2.3
Armour         | |  0.2
Dodging        | |  1.2

Action                   |  1- 3 |  4- 6 || total
-------------------------+-------+-------++-------
Melee: Dagger            |    98 |     7 ||   105
  Use: Scroll            |     4 |       ||     4
 Stab: Sleeping          |     9 |       ||     9
  Eat: Bread ration      |     1 |       ||     1
